Map: Mech Depot LE

Players

PengWin - Winner!

  • Race: Zerg Zerg
  • Spawn Location: 7:00

FishTaco

  • Race: Zerg Zerg
  • Spawn Location: 1:00

Event: WCS Montreal 2017

VOD

Have the link to the VOD?

Description

Time

  • Played on: Sept. 8, 2017, 12:31 p.m.
  • Length: 15:18

All games in this series

Show
View Real Time Build Order
Export as new Build Order

PengWin Zerg - Winner!

Build Orders: Pool First, Lurkers 

Get SALT Encoding   

  12  0:01  Drone  
  13  0:12  Overlord  
  13  0:17  Drone  
  14  0:30  Drone x2  
  14  0:34  Drone  
  17  0:44  Spawning Pool  
  17  0:47  Drone  
  17  0:56  Drone  
  18  1:11  Hatchery  
  17  1:12  Extractor  
  17  1:15  Drone  
  17  1:31  Queen, Zergling x2  
  17  1:32  Zergling x2  
  21  1:38  Zergling x2  
  22  1:49  Overlord  
  22  2:06  Queen  
  24  2:09  Drone  
  24  2:10  Drone  
  26  2:23  Queen  
  28  2:34  Drone x4  
  32  2:53  Lair  
  32  2:56  Drone x4  
  36  3:01  Evolution Chamber  
  35  3:06  Roach Warren  
  35  3:07  Drone  
  35  3:08  Extractor  
  35  3:11  Extractor  
  35  3:12  Overlord  
  33  3:19  Spine Crawler  
  34  3:23  Evolution Chamber  
  34  3:26  Queen  
  35  3:41  Drone x6  
  36  3:46  Extractor, Zerg Missile Weapons Level 1  
  36  3:48  Extractor  
  39  3:55  Glial Reconstitution  
  39  3:59  Drone x2  
  41  4:05  Overlord  
  41  4:12  Drone x3  
  44  4:25  Overseer  
  44  4:30  Drone x7  
  51  4:33  Drone  
  52  4:39  Overlord  
  52  4:40  Overlord  
  52  4:43  Overlord  
  52  5:00  Roach x6  
  52  5:05  Roach x2  
  68  5:08  Overlord  
  68  5:12  Overlord  
  68  5:32  Roach x7  
  82  5:41  Zerg Missile Weapons Level 2  
  82  5:47  Overlord x2  
  82  5:58  Extractor  
  82  5:59  Tunneling Claws  
  82  6:01  Burrow  
  81  6:05  Hatchery  
  80  6:16  Roach x5  
  80  6:17  Roach  
  92  6:19  Drone x2  
  94  6:33  Overlord x2  
  94  6:34  Roach x2  
  98  6:43  Roach  
  98  6:44  Overlord x2  
  100  7:00  Roach  
  100  7:01  Roach x6  
  106  7:24  Roach x8  
  122  7:35  Roach x4  
  130  7:37  Roach x8  
  130  7:43  Drone x4  
  113  8:06  Roach x25  
  117  8:27  Drone x3  
  113  8:35  Queen  
  113  8:37  Spire  
  110  8:41  Hatchery  
  110  8:47  Roach x8  
  109  8:59  Roach x7  
  109  9:00  Roach x8  
  121  9:16  Roach x8  
  119  9:18  Roach x24  
  119  9:31  Roach x2  
  119  9:40  Queen  
  119  9:55  Mutalisk x5  
  119  9:56  Mutalisk x2  
  133  10:01  Roach x7, Mutalisk  
  133  10:02  Mutalisk  
  133  10:04  Overlord x2  
  137  10:08  Zerg Flyer Weapons Level 1  
  137  10:09  Zerg Ground Armor Level 1  
  130  10:24  Mutalisk x3  
  130  10:28  Drone x3  
  129  10:32  Extractor  
  128  10:37  Mutalisk x2  
  132  10:51  Roach  
  134  10:59  Roach  
  134  11:00  Roach x6  
  134  11:02  Roach x3  
  134  11:03  Roach x5  
  144  11:09  Roach x5  
  107  11:26  Roach x18  
  107  11:29  Drone x11  
  109  11:39  Queen  
  111  11:55  Drone x7  
  118  12:01  Drone x3  
  118  12:02  Drone  
  118  12:07  Hydralisk Den  
  121  12:18  Hatchery  
  121  12:21  Extractor  
  119  12:33  Roach x10  
  139  12:44  Lurker Den  
  139  13:06  Overseer  
  139  13:07  Pneumatized Carapace, Overseer  
  139  13:40  Queen, Hydralisk x3  
  139  13:41  Hydralisk x6  
  147  13:43  Overlord, Drone  
  158  14:03  Roach x5  
  158  14:35  Lurker  
  158  14:36  Lurker  
  158  14:37  Overlord x5  
  158  14:38  Overlord  
  160  14:56  Lurker  
  160  14:57  Lurker x6  
  167  15:05  Infestation Pit  
  166  15:08  Extractor  
  166  15:09  Extractor  
Show
View Real Time Build Order
Export as new Build Order

FishTaco Zerg 

Build Orders: Pool First 

Get SALT Encoding   

  12  0:00  Drone  
  13  0:12  Overlord  
  13  0:17  Drone  
  14  0:32  Drone x2  
  14  0:34  Drone  
  17  0:41  Extractor  
  16  0:49  Spawning Pool  
  15  0:52  Drone  
  15  0:56  Drone  
  17  1:08  Drone  
  18  1:26  Hatchery  
  17  1:36  Queen  
  17  1:37  Zergling x2  
  20  1:43  Metabolic Boost  
  20  1:51  Overlord  
  20  1:57  Drone  
  20  1:59  Zergling x2  
  22  2:09  Drone  
  23  2:17  Queen  
  23  2:21  Drone  
  26  2:25  Baneling Nest  
  25  2:31  Zergling x2  
  25  2:36  Zergling x2  
  27  2:41  Zergling x2  
  27  2:52  Drone  
  27  2:53  Drone x2  
  30  3:00  Drone x3  
  33  3:14  Drone x2  
  35  3:20  Baneling x2  
  35  3:27  Drone  
  35  3:29  Overlord x3  
  36  3:40  Evolution Chamber  
  35  3:45  Hatchery  
  34  3:51  Drone x2  
  34  3:52  Drone  
  34  3:55  Drone  
  38  3:57  Drone  
  38  4:00  Drone  
  40  4:03  Zergling x4  
  42  4:10  Zerg Ground Armor Level 1  
  42  4:14  Zergling x2  
  42  4:15  Zergling x2  
  44  4:20  Zergling x6  
  46  4:30  Drone x2  
  46  4:31  Drone x2  
  50  4:34  Lair  
  50  4:37  Drone x2  
  52  4:42  Drone x3  
  55  4:47  Drone x2  
  55  4:49  Extractor  
  56  4:54  Drone x2  
  56  4:58  Drone  
  59  5:05  Drone x2  
  61  5:09  Overlord  
  61  5:17  Roach Warren  
  61  5:19  Drone x6  
  61  5:21  Overlord x2  
  65  5:40  Extractor  
  63  5:45  Zergling x2  
  62  5:55  Overlord x2  
  62  5:56  Overlord x6  
  62  5:58  Roach  
  62  5:59  Roach x2  
  63  6:04  Roach, Zerg Missile Weapons Level 1  
  63  6:09  Roach x2  
  69  6:13  Roach  
  69  6:18  Roach, Glial Reconstitution  
  73  6:21  Roach  
  73  6:23  Queen  
  73  6:24  Roach  
  79  6:30  Roach x3  
  85  6:34  Roach x2  
  85  6:37  Zergling x8  
  93  6:46  Roach x3  
  99  6:49  Queen  
  101  6:55  Roach x2  
  101  6:56  Roach  
  107  7:06  Roach x4  
  113  7:10  Roach  
  113  7:13  Zergling x2  
  113  7:14  Zergling x4  
  115  7:18  Zergling x2  
  115  7:19  Zergling x8  
  115  7:21  Zergling x2  
  120  7:26  Zergling x6  
  123  7:33  Roach x3  
  129  7:40  Zergling x2  
  129  7:41  Zergling x2  
  131  7:44  Zergling x2  
  131  7:48  Zergling x6  
  134  7:51  Zergling x2  
  128  8:00  Roach x4  
  128  8:01  Roach x4  
  128  8:05  Spine Crawler  
  125  8:06  Spine Crawler  
  125  8:07  Spine Crawler  
  113  8:13  Zergling x6  
  113  8:17  Roach x4  
  115  8:23  Roach Warren  
  115  8:26  Spine Crawler  
  111  8:27  Spine Crawler  
  111  8:28  Roach x3  
  104  8:34  Roach x2  
  104  8:37  Roach  
  98  8:54  Roach  
  98  8:55  Roach x5  
  102  9:05  Drone x4  
  101  9:24  Overseer  
  94  9:32  Zergling x14  
  101  9:39  Queen, Drone x2  
  103  9:46  Zergling x4  
  103  9:49  Zergling x2  
  104  9:56  Overseer  
  104  10:01  Roach  
  104  10:02  Roach x2  
  104  10:04  Queen  
  104  10:05  Queen  
  111  10:08  Extractor  
  107  10:16  Roach x4  
  114  10:22  Roach  
  114  10:23  Roach  
  114  10:26  Roach  
  120  10:31  Roach x2  
  124  10:38  Overseer  
  124  10:40  Roach x2  
  124  10:42  Roach  
  130  10:51  Zergling x6  
  131  10:57  Spore Crawler  
  131  10:58  Spore Crawler  
  131  11:00  Spore Crawler  
  120  11:07  Zergling x8  
  110  11:13  Zergling x6  
  77  11:30  Drone x6  
  57  11:36  Drone  
  57  11:37  Drone  
  52  11:51  Roach x4  
  57  11:59  Spore Crawler  
  54  12:08  Queen x2  
  56  12:14  Infestation Pit  
  57  12:19  Drone x4  
  61  12:30  Spore Crawler  
  60  12:47  Hatchery  
  59  13:08  Infestor x5  
  69  13:14  Overlord  
  69  13:18  Burrow  
  69  13:38  Infestor  
  69  13:39  Infestor x3  
  77  13:44  Infestor  
  76  14:08  Infestor  
  76  14:15  Spore Crawler  
  76  14:16  Extractor  
  74  14:19  Drone x2  
Tags
 
Add a new tag
Caveats
  • Supply blocks, unpowered buildings, or Contaminate may cause inaccurate times.
  • Supply counts are checked every 10 seconds.